 Dungeon Sprint DCSS version 0.29-a0-360-g8ed1089bbe (webtiles) character file.

Game seed: 15293019045847423903

959 Zeldest the Grappler (level 8, -12/46 HPs)
             Began as a Vine Stalker Transmuter on Apr 28, 2022.
             Was an Initiate of Jiyva.
             Killed from afar by a gargoyle (17 damage)
             ... with a stone arrow
             ... in the Dungeon (Sprint IX: "|||||||||||||||||||||||||||||").
             The game lasted 00:02:19 (153 turns).

Zeldest the Grappler (Vine Stalker Transmuter)       Turns: 153, Time: 00:02:20

Health: -12/46     AC:  8    Str: 16    XL:     8   Next: 14%
Magic:  0/12       EV: 13    Int: 13    God:    Jiyva [......]
Gold:   0          SH:  0    Dex: 17    Spells: 8/11 levels left

rFire   . . .      SeeInvis .     - Unarmed
rCold   . . .      Faith    .   (no shield)
rNeg    . . .      Spirit   +   k - +1 scale mail
rPois   .          Reflect  .   (helmet currently unavailable)
rElec   .          Harm     .   (no cloak)
rCorr   .          Rampage  .   (no gloves)
Will    +....      NoTele   +   (boots currently unavailable)
Stlth   ..........              (no amulet)
HPRegen 0.95/turn               l - +2 ring of evasion
MPRegen 0.13/turn               m - +3 ring of dexterity

@: appendages, wereblooded, hasted and slowed
A: horns 2, talons 2, fangs 3, regeneration 1, magic shield, antimagic bite, no
potion heal 2
a: End Transformation, Renounce Religion


You were in the Dungeon.
You worshipped Jiyva.
Jiyva was noncommittal.
You had temporarily grown beastly horns and talons.
You visited 1 branch

Inventory:

Armour
 a - a +0 robe
 j - a +0 pair of boots (melded)
 k - a +1 scale mail (worn)
Jewellery
 l - a +2 ring of evasion (left hand)
 m - a +3 ring of dexterity (right hand)
Wands
 i - a wand of iceblast (10)
Scrolls
 g - 2 scrolls of blinking
 h - 2 scrolls of amnesia
Potions
 b - a potion of lignification
 c - 5 potions of curing
 e - 4 potions of magic


   Skills:
 + Level 7.1 Fighting
 + Level 5.0 Armour
 - Level 4.1 Dodging
 * Level 11.4 Unarmed Combat
 - Level 2.1 Spellcasting
 + Level 8.0 Transmutations


You had 8 spell levels left.
You knew the following spells:

 Your Spells              Type           Power      Damage    Failure   Level
a - Beastly Appendage     Tmut           44%        N/A       3%          1
b - Wereblood             Tmut           22%        N/A       4%          2

Your spell library contained the following spells:

 Spells                   Type           Power      Damage    Failure   Level
 Spider Form              Tmut/Pois      11%        N/A       43%         3
 Ice Form                 Ice/Tmut       11%        N/A       83%         4


Dungeon Overview and Level Annotations

Branches:
Dungeon (1/1)

Altars:
Cheibriados
Dithmenos
Elyvilon
Fedhas
Gozag
Hepliaklqana
Kikubaaqudgha
Makhleb
Nemelex Xobeh
Okawaru
Qazlal
Ru
Sif Muna
Trog
Uskayaw
Vehumet
Wu Jian
Xom
Yredelemnul
Zin
The Shining One
Beogh
Jiyva
Lugonu


Innate Abilities, Weirdness & Mutations

You have temporarily grown beastly horns and talons.
You have razor-sharp teeth.
Your natural rate of healing is unusually fast.
When hurt, damage is shared between your health and your magic reserves.
Your bite disrupts and absorbs the magic of your enemies.
Potions cannot restore your health.


Message History

You barely miss the wraith. You punch the wraith, but do no damage.
Your bite misses the wraith. The wraith hits you!
The wraith drains your vigour!
You feel as though you will be slow longer.
You hit the wraith. You claw the wraith, but do no damage.
Your headbutt misses the wraith. You bite the wraith. You drain its power.
You feel invigorated.
The wraith is lightly damaged.
The wraith hits you!
* * * LOW HITPOINT WARNING * * *
You punch the wraith! You claw the wraith! You bite the wraith.
You drain its power.
You feel invigorated.
The wraith is severely damaged.
The wraith barely misses you.
You hit the wraith. Your kick misses the wraith.
Your headbutt misses the wraith. You bite the wraith. You drain its power.
The wraith is almost destroyed.
The wraith hits you but does no damage.
You closely miss the wraith. You claw the wraith, but do no damage.
Your punch misses the wraith.
The wraith is almost destroyed.
The wraith completely misses you. The wraith hits you!
* * * LOW HITPOINT WARNING * * *
The wraith drains your vigour!
You feel as though you will be slow longer.
You punch the wraith!
You feel a bit better.
You destroy the wraith!
The gargoyle hurls a stone arrow at you.
The stone arrow hits you!
* * * LOW HITPOINT WARNING * * *
Your Fighting skill increases to level 7!
Your Armour skill increases to level 5!
Your Transmutations skill increases to level 8!
You have reached level 8!
You feel stronger.
Your teeth grow very long and razor-sharp.
You feel yourself speed up.
The gargoyle hurls a stone arrow at you.
The stone arrow hits you!!
You die...

▓)▓
▓†▓
▓)▓
▓†▓
▓)▓
▓.▓
▓.▓
▓'▓
▓@▓
▓.▓
▓9▓
▓c▓
▓y▓
▓.▓
▓+▓


You could see a centaur warrior, a vampire mosquito and a gargoyle.

Vanquished Creatures
  A cyclops (D)
  A wraith (D)
  A centaur (D)
  A kobold brigand (D)
  A necrophage (D)
  A scorpion (D)
  2 howler monkeys (D)
  An orc priest (D)
  An iguana (D)
  An adder (D)
  An orc (D)
  2 quokkas (D)
  3 bats (D)
17 creatures vanquished.

Vanquished Creatures (others)
  3 slime creatures (D)
  A yak (D)
4 creatures vanquished.

Grand Total: 21 creatures vanquished

Notes
Turn   | Place    | Note
-------+----------+-------------------------------------------
     0 | D        | Zeldest the Vine Stalker Transmuter began the quest for the
                  | Orb.
     0 | D        | Reached XP level 1. HP: 9/9 MP: 4/4
     6 | D        | Reached skill level 1 in Fighting
    19 | D        | Noticed an iguana
    19 | D        | Noticed a necrophage
    19 | D        | Noticed a scorpion
    24 | D        | Reached skill level 4 in Unarmed Combat
    24 | D        | Reached XP level 2. HP: 15/15 MP: 6/6
    28 | D        | Reached skill level 5 in Unarmed Combat
    28 | D        | Reached XP level 3. HP: 19/19 MP: 7/7
    29 | D        | Killed a necrophage
    30 | D        | Reached skill level 6 in Unarmed Combat
    30 | D        | Gained mutation: Your natural rate of healing is unusually
                  | fast. [Vine Stalker growth]
    30 | D        | Reached XP level 4. HP: 24/24 MP: 8/8
    33 | D        | Killed a scorpion
    34 | D        | Reached skill level 7 in Unarmed Combat
    34 | D        | Reached XP level 5. HP: 29/29 MP: 9/9
    39 | D        | Found a snail-covered altar of Cheibriados.
    39 | D        | Found a shadowy altar of Dithmenos.
    39 | D        | Found a white marble altar of Elyvilon.
    39 | D        | Found a blossoming altar of Fedhas.
    39 | D        | Found an opulent altar of Gozag.
    40 | D        | Found a hazy altar of Hepliaklqana.
    41 | D        | Found a viscous altar of Jiyva.
    42 | D        | Found an ancient bone altar of Kikubaaqudgha.
    43 | D        | Found a corrupted altar of Lugonu.
    44 | D        | Found a burning altar of Makhleb.
    45 | D        | Found a sparkling altar of Nemelex Xobeh.
    46 | D        | Found an iron altar of Okawaru.
    47 | D        | Found a stormy altar of Qazlal.
    48 | D        | Found a sacrificial altar of Ru.
    49 | D        | Became a worshipper of Jiyva Jica the Shapeless
    50 | D        | Killed a slime creature
    50 | D        | Killed a slime creature
    51 | D        | Killed a slime creature
    53 | D        | Learned a level 2 spell: Wereblood
    53 | D        | Found a shimmering blue altar of Sif Muna.
    54 | D        | Found a bloodstained altar of Trog.
    55 | D        | Found a hide-covered altar of Uskayaw.
    56 | D        | Found a radiant altar of Vehumet.
    57 | D        | Found an ornate altar of the Wu Jian Council.
    58 | D        | Found a shimmering altar of Xom.
    59 | D        | Found a basalt altar of Yredelemnul.
    60 | D        | Found a glowing silver altar of Zin.
    61 | D        | Found a glowing golden altar of the Shining One.
   103 | D        | Noticed a yak
   103 | D        | Noticed a kobold brigand
   103 | D        | Noticed a centaur
   107 | D        | Reached skill level 1 in Armour
   107 | D        | Reached skill level 5 in Transmutations
   112 | D        | Killed a yak
   113 | D        | Reached skill level 5 in Fighting
   113 | D        | Reached skill level 8 in Unarmed Combat
   113 | D        | Reached XP level 6. HP: 21/35 MP: 5/10
   117 | D        | Reached skill level 9 in Unarmed Combat
   126 | D        | Reached XP level 7. HP: 40/40 MP: 11/11
   128 | D        | Reached skill level 10 in Unarmed Combat
   134 | D        | Noticed a cyclops
   134 | D        | Noticed a wraith
   134 | D        | Noticed a gargoyle
   134 | D        | Noticed a centaur warrior
   134 | D        | Noticed a vampire mosquito
   144 | D        | Killed a cyclops
   145 | D        | Reached skill level 11 in Unarmed Combat
   152 | D        | Killed a wraith
   153 | D        | Reached skill level 5 in Armour
   153 | D        | Gained mutation: You have razor-sharp teeth. [Vine Stalker
                  | growth]
   153 | D        | Reached XP level 8. HP: 4/46 MP: 2/12
   153 | D        | Killed from afar by a gargoyle

Illustrated notes

Levels and vault maps discovered:
D:        linesprint [early_d, line_temple, items_1, d_10, items_2, lair_1,
          lair_end, items_3, orc_1, orc_end, items_4, d_15, swamp_1, shoals_1,
          snake_1, spider_1, d_20, vaults_1, items_5, swamp_end, shoals_end,
          snake_end, spider_end, vaults_end, d_27, items_6, zot_1, zot_end,
          crypt_end, forest_end, elf_end, slime_end, tomb_end, abyss_end,
          pan_hell_end]

Skill      XL: |  1  2  3  4  5  6  7 |
---------------+----------------------+-----
Fighting       | 2 3 4 5 6 7 |  7.1
Dodging        | 2 3 4 |  4.1
Unarmed Combat | 4 5 6 7 8 9 11 | 11.4
Transmutations | 3 4 6 8 |  8.0
Armour         | 2 3 5 |  5.0
Spellcasting   | |  2.1

Action                   |  1- 3 |  4- 6 |  7- 9 || total
-------------------------+-------+-------+-------++-------
Melee: Unarmed           |    16 |    21 |    15 ||    52
       Headbutt          |     5 |     2 |     1 ||     8
       Bite              |     2 |     9 |     6 ||    17
       Kick              |     4 |     7 |     6 ||    17
       Punch             |       |     2 |     1 ||     3
 Cast: Beastly Appendage |     2 |     1 |     1 ||     4
       Wereblood         |       |     1 |     1 ||     2
  Use: Potion            |     1 |     1 |     1 ||     3
 Stab: Invisible         |       |     3 |       ||     3
Armor: Robe              |     3 |       |       ||     3
       Scale mail        |       |     2 |     1 ||     3
Dodge: Dodged            |    10 |    11 |     6 ||    27

Table legend: (Time is in decaauts)
 A = Elapsed time spent in this place.
 B = Non-inter-level travel time spent in this place.
 C = Inter-level travel time spent in this place.
 D = Time resting spent in this place.
 E = Time spent auto-exploring this place.
 F = Levels seen in this place.
 G = Mean time per level.
                   A        B        C        D        E       F      G
               +--------+--------+--------+--------+--------+-----+--------+
         Total |    155 |    155 |      0 |      0 |      0 |   1 |  155.0 |
       Dungeon |    155 |    155 |      0 |      0 |      0 |   1 |  155.0 |
               +--------+--------+--------+--------+--------+-----+--------+

Top non-repeatable levels by time:
       D: 155 daAuts
